 Dungeon Crawl Stone Soup version 0.27-a0-1555-g0e7b3fb1d2 (webtiles) character file.

Game seed: 7139883986085155765

35 Sin92 the Skirmisher (level 3, 0/29 HPs)
             Began as a Demonspawn Fighter on July 14, 2021.
             Slain by a kobold (5 damage)
             ... on level 2 of the Dungeon.
             The game lasted 00:00:49 (1513 turns).

Sin92 the Skirmisher (Demonspawn Fighter)           Turns: 1513, Time: 00:00:49

Health: 0/29       AC:  6    Str: 16    XL:     3   Next: 16%
Magic:  3/3        EV:  7    Int:  9    God:
Gold:   10         SH:  9    Dex: 13    Spells: 2/2 levels left

rFire    . . .     SeeInvis .   a - +0 long sword
rCold    . . .     Faith    .   c - +0 kite shield
rNeg     . . .     Spirit   .   b - +0 scale mail
rPois    .         Reflect  .   (no helmet)
rElec    .         Harm     .   (no cloak)
rCorr    .         Rampage  .   (no gloves)
Will     .....                  (no boots)
Stlth    ..........             (no amulet)
HPRegen  0.09/turn              (no ring)
MPRegen  0.08/turn              (no ring)

@: mighty
A: claws 2
a: no special abilities


You were on level 2 of the Dungeon.
You visited 1 branch of the dungeon, and saw 2 of its levels.

You collected 10 gold pieces.

Inventory:

Hand Weapons
 a - a +0 long sword (weapon)
Armour
 b - a +0 scale mail (worn)
 c - a +0 kite shield (worn)
Jewellery
 f - a ring of magical power
Scrolls
 e - 2 scrolls of teleportation {unknown}
 g - 2 scrolls of identify {unknown}


   Skills:
 + Level 3.3 Fighting
 + Level 2.1 Long Blades
 + Level 3.0 Armour
 + Level 0.9 Dodging
 + Level 3.0 Shields


You had 2 spell levels left.
You didn't know any spells.
Your spell library contained the following spells:

 Spells                   Type           Power      Damage    Failure   Level
 Blink                    Tloc           N/A        N/A       100%        2
 Manifold Assault         Tloc           0%         N/A       100%        5
 Storm Form               Tmut/Air       0%         N/A       100%        7


Dungeon Overview and Level Annotations

Branches:
Dungeon (2/15)

Altars:


Innate Abilities, Weirdness & Mutations

You have very sharp fingernails.


Message History

You are no longer poisoned.
The adder bites you. The kobold hits you but does no damage.
The adder bites you but does no damage. You block the kobold's attack.
Unknown command.
You are too injured to fight recklessly!
Unknown command.
You are too injured to fight recklessly!
Unknown command.
There are monsters nearby!
You are too injured to fight recklessly!
Unknown command.
There are monsters nearby!
You are too injured to fight recklessly!
You feel very mighty all of a sudden. You block the adder's attack.
The kobold hits you but does no damage.
You miss the adder.
The adder is moderately wounded.
You block the adder's attack.
The kobold hits you with a +0 short sword.
* * * LOW HITPOINT WARNING * * *
You block the adder's attack.
You slash the adder!
You kill the adder!
The kobold hits you but does no damage.
The kobold hits you with a +0 short sword.
* * * LOW HITPOINT WARNING * * *
You block the giant cockroach's attack.
Your Armour skill increases to level 3!
Your Shields skill increases to level 3!
You have reached level 3!
Your experience leads to an increase in your attributes!
Increase (S)trength, (I)ntelligence, or (D)exterity?
You feel agile.
Your demonic ancestry asserts itself...
Your fingernails sharpen.
You slice the giant cockroach!!
You kill the giant cockroach!
The kobold hits you with a +0 short sword.
* * * LOW HITPOINT WARNING * * *
The kobold hits you with a +0 short sword.
You die...

### ..### #...#
....# #... #..#
#†K# #@.#
#..####..######
#..............
#.#####..######
##..######
#.<.......
.........######
#......#.#
####### .#


You could see a kobold.

Vanquished Creatures
  An adder (D:2)
  A dart slug (D:1)
  5 endoplasms (D:1)
  A giant cockroach (D:2)
  3 hobgoblins (D:1)
  2 quokkas (D:1)
  2 ball pythons (D:1)
  3 frilled lizards (D:1)
  3 goblins (D:1)
  3 rats
24 creatures vanquished.

Notes
Turn   | Place    | Note
-------+----------+-------------------------------------------
     0 | D:1      | Sin92 the Demonspawn Fighter began the quest for the Orb.
     0 | D:1      | Reached XP level 1. HP: 18/18 MP: 1/1
   398 | D:1      | Found a faded altar of an unknown god.
   422 | D:1      | Gained mutation: You have sharp fingernails. [demonic
                  | ancestry]
   422 | D:1      | Reached XP level 2. HP: 14/24 MP: 2/2
  1513 | D:2      | Gained mutation: You have very sharp fingernails. [demonic
                  | ancestry]
  1513 | D:2      | Reached XP level 3. HP: 6/29 MP: 3/3
  1513 | D:2      | Slain by a kobold

Illustrated notes

Levels and vault maps discovered:
D:1:      erik_arrival_triangle_large, layout_loops_corners,
          hellmonk_ecumenical_altar_blasted
D:2:      layout_loops_ring, st_stairs_9

Skill      XL: |  1  2 |
---------------+-------+-----
Long Blades    | 2 |  2.1
Armour         | 3 |  3.0
Shields        | 3 |  3.0
Fighting       | |  3.3
Dodging        | |  0.9

Action                   || total
-------------------------++-------
Melee: Long sword        ||    75
  Use: Potion            ||     1
Armor: Scale mail        ||    36
Dodge: Dodged            ||    22
Block: Kite shield       ||    38
       Rpst.: Long sword ||     6

Table legend: (Time is in decaauts)
 A = Elapsed time spent in this place.
 B = Non-inter-level travel time spent in this place.
 C = Inter-level travel time spent in this place.
 D = Time resting spent in this place.
 E = Time spent auto-exploring this place.
 F = Levels seen in this place.
 G = Mean time per level.
                   A        B        C        D        E       F      G
               +--------+--------+--------+--------+--------+-----+--------+
         Total |   1553 |   1520 |     33 |    252 |   1087 |   2 |  776.5 |
       Dungeon |   1553 |   1520 |     33 |    252 |   1087 |   2 |  776.5 |
               +--------+--------+--------+--------+--------+-----+--------+

Top non-repeatable levels by time:
     D:1: 1520 daAuts
     D:2: 33 daAuts
